 Dungeon Crawl Stone Soup version 0.17-a0-1767-gccbed74 (webtiles) character file.

1948 TruthSerum the Basher (level 9, 0/96 HPs)
             Began as an Ogre Abyssal Knight on Sept 6, 2015.
             Was an Elder of Lugonu.
             Slain by an orc warrior
             ... wielding a +0 scimitar
              (11 damage)
             ... on level 6 of the Dungeon on Sept 7, 2015.
             The game lasted 00:24:52 (6052 turns).

TruthSerum the Basher (Ogre Abyssal Knight)         Turns: 6052, Time: 00:24:52

Health: 0/96       AC: 12    Str: 20    XL:     9   Next: 18%
Magic:  13/13      EV: 11    Int: 11    God:    Lugonu [****..]
Gold:   404        SH:  0    Dex: 17    Spells: 0 memorised, 8 levels left

rFire  . . .     SeeInvis .     q - +2 flail (protect)
rCold  . . .     Clarity  .     n - +0 robe {Archmagi}
rNeg   . . .     SustAt   .     (no shield)
rPois  +         Gourm    .     l - +2 hat
rElec  .         Spirit   .     (no cloak)
rCorr  .         Warding  .     (gloves unavailable)
rMut   .         Stasis   .     (boots unavailable)
MR     .....                    (no amulet)
Stlth  ++........               j - +4 ring of dexterity
                                a - ring of poison resistance

@: not resistant to hostile enchantments, unstealthy
A: unfitting armour, slimy green scales 1, thin skeletal structure 1, tough skin
1, MP-powered wands
a: Depart the Abyss, Bend Space, Banish, Corrupt, Renounce Religion


You were on level 6 of the Dungeon.
You worshipped Lugonu.
Lugonu was greatly pleased with you.
You were not hungry.

You visited 1 branch of the dungeon, and saw 6 of its levels.
You visited the Abyss 1 time.

You collected 404 gold pieces.

Inventory:

Hand weapons
 q - a +2 flail of protection (weapon)
 w - a +0 giant spiked club
Armour
 l - a +2 hat (worn)
 n - a +0 robe of the Archmagi (worn)
Jewellery
 a - a ring of poison resistance (left hand)
 g - an uncursed ring of positive energy
 j - a +4 ring of dexterity (right hand)
 r - an uncursed ring of wizardry
Scrolls
 d - 4 scrolls of remove curse {unknown}
 e - a scroll of enchant armour
 h - 4 scrolls of teleportation {unknown}
 o - 2 scrolls of magic mapping {unknown}
 p - a scroll of noise {unknown}
 s - a scroll of fog {unknown}
 u - 2 scrolls of summoning {unknown}
 y - a scroll of immolation {unknown}
Potions
 b - 2 potions of invisibility
 k - a potion of heal wounds
 m - 4 potions of curing
 t - 2 potions of might
 v - a potion of lignification
 z - a potion of brilliance
Comestibles
 c - 4 bread rations
 f - a slice of pizza
 i - 4 meat rations
 x - 2 chunks of flesh
 A - a beef jerky


   Skills:
 + Level 8.3 Fighting
 * Level 11.0 Maces & Flails
 - Level 3.0 Dodging
 + Level 6.3 Invocations


You had 8 spell levels left.
You didn't know any spells.

Dungeon Overview and Level Annotations

Branches:
Dungeon (6/15)
 Temple: D:4-7

Altars:
Ashenzari
Elyvilon
Okawaru
Qazlal
Vehumet

Shops:
D:4 (   D:5 !


Innate Abilities, Weirdness & Mutations

You are too large for most types of armour.
You have tough skin (AC +1).
You are partially covered in slimy green scales (AC +2).
You have a somewhat thin skeletal structure (Dex +2, Stealth).
You expend magic power (3 MP) to strengthen your wands.


Message History

The orc warrior is heavily wounded.
The orc hits you but does no damage. The orc closely misses you.
You sock the orc warrior!
The orc warrior is severely wounded.
The orc completely misses you.
The orc warrior hits you with a scimitar.
You hit the orc warrior but do no damage.
The orc warrior is severely wounded.
The orc barely misses you. The orc closely misses you.
The orc warrior hits you with a scimitar!
* * * LOW HITPOINT WARNING * * *
You are too injured to fight recklessly!
You hit the orc warrior.
The orc warrior is severely wounded.
The orc warrior hits you with a scimitar!
* * * LOW HITPOINT WARNING * * *
You hit the orc warrior.
The orc warrior is almost dead.
The orc warrior hits you with a scimitar!
You die...

##.......... # . #...#####
###.######. #. ##.## # #.#
#.## #### # #.# #.#####...
... ### #......... # #.. ..#
#######.#. #### #.# ####.#.
#. #.# #...... ###.##@#
#.##... #...
...##o##########.#(... #..#
#..#.oo.....<......... #..#
#..#.#.#########...... #
#..# #..#.#.# #...... # #..#
#..#)#.#########...... ###
#..# #..............##.....
..##
#..#####.#........##.###....
...# #.....[........... #.#
##[..


You could see an orc warrior and 2 orcs.

Vanquished Creatures
  Grinder (D:4)
  Sigmund (D:2)
  Edmund (D:4)
  An orc warrior (D:6)
  Duvessa (D:4)
  Purgy (D:4)
  3 ogres
  2 giant frogs (D:6)
  Dowan (D:4)
  The ghost of TruthSerum the Skirmisher, a weakling OgAK of Lugonu (D:3)
  2 crimson imps (D:5)
  An orc priest (D:3)
  A hound (D:6)
  2 giant frog skeletons
  6 orc wizards
  9 worker ants
  A hound skeleton (D:5)
  3 adders
  A shadow imp (D:6)
  A worm (D:3)
  18 orcs
  A ball python (D:5)
  7 giant cockroaches
  11 hobgoblins
  4 kobolds
  4 quokkas
  10 bats
  3 giant geckos
  A giant gecko skeleton (D:5)
  4 giant newts
  11 goblins
  7 jackals
  A jackal skeleton (D:4)
  7 rats
129 creatures vanquished.

Notes
Turn   | Place    | Note
--------------------------------------------------------------
     0 | Abyss:1  | TruthSerum the Ogre Abyssal Knight began the quest for the Orb.
     0 | Abyss:1  | Reached XP level 1. HP: 24/24 MP: 2/2
    16 | D:1      | Escaped the Abyss
   441 | D:1      | Reached XP level 2. HP: 32/32 MP: 3/3
   706 | D:2      | Acquired Lugonu's second power
   845 | D:2      | Found a shattered altar of Ashenzari.
  1005 | D:2      | Reached XP level 3. HP: 38/40 MP: 4/4
  1077 | D:2      | Noticed Sigmund
  1093 | D:2      | Killed Sigmund
  1093 | D:2      | Reached skill level 5 in Fighting
  1093 | D:2      | Reached skill level 5 in Maces & Flails
  1093 | D:2      | Reached XP level 4. HP: 13/50 MP: 4/6
  1093 | D:2      | Reached XP level 5. HP: 14/57 MP: 4/7
  1922 | D:3      | Reached XP level 6. HP: 27/66 MP: 8/8
  2082 | D:3      | Reached skill level 6 in Maces & Flails
  2555 | D:3      | Acquired Lugonu's third power
  2562 | D:3      | Noticed TruthSerum's ghost (weakling OgAK)
  2574 | D:3      | Killed TruthSerum's ghost
  3208 | D:4      | Noticed Edmund
  3238 | D:4      | Killed Edmund
  3238 | D:4      | Reached skill level 7 in Maces & Flails
  3238 | D:4      | Reached XP level 7. HP: 9/72 MP: 9/9
  3422 | D:4      | Noticed Duvessa
  3425 | D:4      | Noticed Dowan
  3447 | D:4      | Killed Duvessa
  3479 | D:4      | Killed Dowan
  3709 | D:4      | Noticed Grinder
  3723 | D:4      | Killed Grinder
  3723 | D:4      | Reached skill level 8 in Maces & Flails
  3723 | D:4      | Reached XP level 8. HP: 72/84 MP: 11/11
  3727 | D:4      | Gained mutation: You are partially covered in slimy green scales (AC +2). [potion of mutation]
  3727 | D:4      | Gained mutation: You expend magic power (3 MP) to strengthen your wands. [potion of mutation]
  3727 | D:4      | Gained mutation: You have a somewhat thin skeletal structure (Dex +2, Stealth). [potion of mutation]
  3779 | D:4      | Noticed Purgy
  3789 | D:4      | Killed Purgy
  3789 | D:4      | Reached skill level 9 in Maces & Flails
  3928 | D:4      | Found Maso's Weapon Boutique.
  4036 | D:4      | Reached skill level 5 in Invocations
  4371 | D:5      | Entered Level 5 of the Dungeon
  4476 | D:5      | Found a radiant altar of Vehumet.
  4482 | D:5      | Found a white marble altar of Elyvilon.
  4606 | D:5      | Reached skill level 10 in Maces & Flails
  4650 | D:5      | Found Ihiter's Distillery.
  4786 | D:5      | Found a stormy altar of Qazlal.
  4826 | D:5      | Found an iron altar of Okawaru.
  5548 | D:6      | Reached XP level 9. HP: 96/96 MP: 13/13
  5780 | D:6      | Reached skill level 11 in Maces & Flails
  5953 | D:6      | Acquired Lugonu's fourth power
  6052 | D:6      | Slain by an orc warrior

Vault maps used:
D:1:      dpeg_arrival_rhombus, minmay_strange_pillars
D:2:      evilmike_ruin_ashenzari, uniq_sigmund
D:3:      first_bread, minivault_5
D:4:      serial_shops, shop_coins, serial_forest, infiniplex_forest_straight_2,
          infiniplex_forest_straight_4, infiniplex_forest_zigzag_1,
          infiniplex_forest_lined_4_way, infiniplex_forest_end_1,
          infiniplex_forest_lined_3_way, infiniplex_forest_clump_double,
          infiniplex_forest_clump_tiny, infiniplex_forest_straight_1,
          uniq_edmund, uniq_purgy, uniq_duvessa, uniq_grinder
D:5:      kennysheep_mini, grunt_temple_overflow_open, serial_shops, shop,
          okawaru_gym_becter
Abyss:1:  minivault_28

Action                   |  1- 3 |  4- 6 |  7- 9 || total
-------------------------+-------+-------+-------++-------
Melee: Mace              |    78 |   145 |       ||   223
       Flail             |       |       |   256 ||   256
  Use: Scroll            |     1 |     4 |     7 ||    12
       Potion            |     1 |       |     1 ||     2
 Stab: Sleeping          |     1 |     2 |     4 ||     7
  Eat: Chunk             |     1 |     6 |    10 ||    17
